Map: Lightshade LE

Players

ViBE - Winner!

  • Race: Zerg Zerg
  • League: Diamond

majorbacon

  • Race: Protoss Protoss
  • League: Master

VOD

Have the link to the VOD?

Description

Time

  • Played on: April 18, 2021, 11:33 p.m.
  • Length: 6:02
Show
View Real Time Build Order
Export as new Build Order

ViBE Zerg - Winner!

Build Orders: Hatch First 

Get SALT Encoding   

  12  0:00  Drone  
  13  0:13  Overlord  
  13  0:18  Drone  
  14  0:32  Drone x2  
  16  0:51  Hatchery  
  16  0:55  Drone  
  16  1:02  Drone  
  16  1:04  Drone  
  18  1:13  Spawning Pool  
  18  1:17  Extractor  
  16  1:20  Drone  
  16  1:23  Drone  
  18  1:29  Drone  
  19  1:52  Overlord  
  19  1:54  Drone  
  20  2:00  Queen  
  22  2:03  Drone x2, Queen  
  26  2:13  Drone  
  27  2:22  Drone  
  28  2:23  Metabolic Boost  
  28  2:27  Drone x2  
  30  2:34  Overlord  
  30  2:36  Drone  
  31  2:44  Drone  
  31  2:46  Drone  
  31  2:50  Roach Warren  
  32  3:00  Queen x2  
  32  3:01  Drone x2  
  38  3:14  Overlord  
  38  3:15  Overlord x3  
  38  3:34  Roach  
  38  3:35  Roach x4  
  48  3:42  Roach  
  48  3:43  Roach x2  
  48  3:47  Queen  
  56  3:50  Queen  
  56  3:53  Zergling x4  
  61  3:55  Zergling x2  
  61  4:00  Zergling x4  
  61  4:01  Zergling x2  
  64  4:03  Zergling x2  
  64  4:08  Zergling x2  
  66  4:14  Zergling x2  
  66  4:15  Zergling x6  
  66  4:16  Zergling x2  
  71  4:17  Zergling x4  
  73  4:29  Hatchery  
  72  4:41  Overlord  
  70  4:53  Zergling x10  
  75  5:04  Zergling x14  
  77  5:16  Queen  
  77  5:17  Queen  
  77  5:19  Overlord x2  
  81  5:38  Zergling x8  
Show
View Real Time Build Order
Export as new Build Order

majorbacon Protoss 

Build Orders: 1 Gate Expand, Oracle Opening 

Get SALT Encoding   

  12  0:00  Probe  
  13  0:12  Probe  
  14  0:20  Pylon  
  14  0:24  Probe  
  15  0:38  Probe (Chrono Boost)  
  15  0:39  Gateway  
  16  0:48  Assimilator  
  17  0:50  Probe (Chrono Boost)  
  17  0:55  Assimilator, Probe (Chrono Boost)  
  18  1:06  Probe  
  19  1:29  Nexus  
  19  1:40  Cybernetics Core  
  19  1:44  Probe  
  20  1:51  Pylon  
  20  1:56  Probe  
  21  2:10  Probe  
  22  2:16  Stargate  
  22  2:18  Adept  
  22  2:20  Warp Gate  
  24  2:29  Probe  
  25  2:41  Probe x2  
  27  2:48  Adept  
  29  2:53  Probe  
  29  2:55  Gateway  
  29  2:56  Void Ray (Chrono Boost)  
  34  3:07  Probe  
  35  3:15  Probe  
  36  3:20  Probe  
  37  3:32  Oracle  
  40  3:50  Nexus  
  40  3:53  Stargate  
  40  3:57  Gateway  
  40  4:04  Gateway  
  40  4:07  Probe  
  41  4:12  Probe  
  42  4:19  Probe, Pylon  
  42  4:24  Probe  
  45  4:31  Probe  
  45  4:34  Void Ray (Chrono Boost)  
  49  4:40  Stalker  
  45  4:57  Void Ray (Chrono Boost), Sentry, Zealot  
  39  5:11  Zealot  
  41  5:20  Zealot  
Tags
 
Add a new tag
Caveats
  • Supply blocks, unpowered buildings, or Contaminate may cause inaccurate times.
  • Supply counts are checked every 10 seconds.